 Dungeon Crawl Stone Soup version 0.26-a0-40-gfe7b5d5a6f (webtiles) character file.

Game seed: 1928196001391905936, levelgen mode: deterministic

408 Hastur the Charlatan (level 6, -3/48 HPs)
             Began as a Demonspawn Artificer on May 31, 2020.
             Was an Initiate of Makhleb.
             Slain by an ogre
             ... wielding a +0 giant club
              (15 damage)
             ... on level 4 of the Dungeon.
             The game lasted 00:16:47 (5124 turns).

Hastur the Charlatan (Demonspawn Artificer)         Turns: 5124, Time: 00:16:47

Health: -3/48      AC:  6    Str: 14    XL:     6   Next: 57%
Magic:  9/9        EV: 11    Int: 12    God:    Makhleb [......]
Gold:   190        SH:  0    Dex: 16    Spells: 5/5 levels left

rFire    . . .     SeeInvis .   l - +0 mace (protect)
rCold    . . .     Gourm    .   (no shield)
rNeg     . . .     Faith    .   v - +0 scale mail
rPois    .         Spirit   .   (no helmet)
rElec    .         Reflect  .   (no cloak)
rCorr    .         Harm     .   (no gloves)
MR       .....                  (no boots)
Stlth    +.........             (no amulet)
HPRegen  0.16/turn              (no ring)
MPRegen  0.11/turn              (no ring)

@: mighty
A: hooves 1, thin skeletal structure 1, powered by pain 1
a: Renounce Religion


You were on level 4 of the Dungeon.
You worshipped Makhleb.
Makhleb was noncommittal.
You were hungry.

You visited 1 branch of the dungeon, and saw 4 of its levels.

You collected 190 gold pieces.

Inventory:

Hand Weapons
 a - a +0 short sword
 l - a +0 mace of protection (weapon)
Missiles
 g - 120 stones
 s - 17 poisoned darts (quivered)
Armour
 b - a +0 leather armour
 o - a +0 ring mail
 v - a +0 scale mail (worn)
 w - a +0 pair of gloves
Wands
 c - a wand of flame (13)
 d - a wand of enslavement (15)
 e - a wand of random effects (11)
Scrolls
 h - a scroll of noise {unknown}
 k - a scroll of magic mapping {unknown}
 n - 2 scrolls of remove curse {unknown}
 p - a scroll of enchant weapon {unknown}
 q - 4 scrolls of identify
 u - 2 scrolls of blinking {unknown}
 x - a scroll of teleportation {unknown}
 y - a scroll of random uselessness {unknown}
 z - a scroll of immolation {unknown}
Potions
 i - a potion of ambrosia
 j - a potion of flight
 m - a potion of haste
 t - a potion of stabbing
 A - a potion of curing
Comestibles
 f - 4 rations


   Skills:
 + Level 4.1 Fighting
 - Level 0.8 Short Blades
 + Level 3.6 Dodging
 - Level 2.0 Stealth
 + Level 0.6 Invocations
 + Level 4.6 Evocations


You had 5 spell levels left.
You didn't know any spells.
Your spell library was empty.

Dungeon Overview and Level Annotations

Branches:
Dungeon (4/15)
 Temple: D:4-7

Altars:
Ashenzari
Cheibriados
Elyvilon
Makhleb
Xom
Yredelemnul
The Shining One


Innate Abilities, Weirdness & Mutations

You have large cloven feet.
You have a somewhat thin skeletal structure. (Dex +2, Stealth)
You sometimes gain a little power by taking damage.


Message History

Throwing (i - inventory. (/) - cycle)
s - 19 poisoned darts (quivered)
Press: ? - help, Shift-Dir - straight line, f/p - ogre
Aim: an ogre, wielding a +0 giant club (severely wounded, poisoned)
You throw a poisoned dart. The poisoned dart hits the ogre.
The ogre is severely wounded.
The ogre looks more healthy.
The ogre hits you with a +0 giant club!
* * * LOW HITPOINT WARNING * * *
You focus on the pain.
You feel very mighty all of a sudden.
Things that are here:
a poisoned dart; 19 bolts You see here a poisoned dart.
Throwing (i - inventory. (/) - cycle)
s - 18 poisoned darts (quivered)
Press: ? - help, Shift-Dir - straight line, f/p - ogre
Aim: an ogre, wielding a +0 giant club (severely wounded)
You throw a poisoned dart. The poisoned dart hits the ogre.
The ogre is poisoned.
The ogre is severely wounded.
The ogre hits you with a +0 giant club!
You die...

##### ### #...# #.## #...# #...
#...# #.##
###...########################.#
..........(..(.O@........(.....#
###...########################.#
###...# #.# (....## +.# .....##
#.# ......+ ... .....## ##.
.....# . ######


You could see an ogre (poisoned).

Vanquished Creatures
  Grinder (D:3)
  A crimson imp (D:3)
  3 gnolls (D:4)
  7 adders
  5 worms
  2 dart slugs
  2 leopard geckos (D:1)
  9 orcs
  4 giant cockroaches
  5 hobgoblins
  4 jackals (D:2)
  4 kobolds
  2 quokkas (D:3)
  A ball python (D:3)
  9 bats
  3 frilled lizards
  3 goblins
  6 rats
71 creatures vanquished.

Notes
Turn   | Place    | Note
-------+----------+-------------------------------------------
     0 | D:1      | Hastur the Demonspawn Artificer began the quest for the
                  | Orb.
     0 | D:1      | Reached XP level 1. HP: 15/15 MP: 3/3
   129 | D:1      | Reached skill level 1 in Stealth
   363 | D:1      | Gained mutation: You have large cloven feet. [demonic
                  | ancestry]
   363 | D:1      | Reached XP level 2. HP: 21/21 MP: 4/4
   982 | D:2      | Found a white marble altar of Elyvilon.
  1224 | D:2      | Reached XP level 3. HP: 27/27 MP: 5/5
  1449 | D:2      | Found a glowing golden altar of the Shining One.
  1454 | D:2      | Found a basalt altar of Yredelemnul.
  1456 | D:2      | Noticed a profane servitor
  1700 | D:2      | Found a glowing golden altar of the Shining One.
  1791 | D:2      | Noticed an angel
  2144 | D:3      | Noticed Grinder
  2778 | D:3      | Gained mutation: You have a somewhat thin skeletal
                  | structure. (Dex +2, Stealth) [demonic ancestry]
  2778 | D:3      | Reached XP level 4. HP: 34/34 MP: 6/6
  3557 | D:3      | Reached XP level 5. HP: 29/41 MP: 7/7
  3824 | D:3      | Paralysed by Grinder for 3 turns
  3836 | D:3      | Paralysed by Grinder for 6 turns
  3849 | D:3      | Killed Grinder
  3849 | D:3      | Gained mutation: You sometimes gain a little power by
                  | taking damage. [demonic ancestry]
  3849 | D:3      | Reached XP level 6. HP: 18/48 MP: 7/9
  4379 | D:4      | Found a shimmering altar of Xom.
  4382 | D:4      | Found a burning altar of Makhleb.
  4386 | D:4      | Became a worshipper of Makhleb the Destroyer
  4393 | D:4      | Found a snail-covered altar of Cheibriados.
  4404 | D:4      | Found a shattered altar of Ashenzari.
  5124 | D:4      | Slain by an ogre

Illustrated notes

Levels and vault maps discovered:
D:1:      heliophobic_arrival_ceremonial_halls, layout_loops_ring
D:2:      layout_basic, grunt_temple_overflow_holy_war, elyvilon_altar_5,
          nicolae_tso_swordbearing_angel
D:3:      layout_rooms, uniq_grinder
D:4:      layout_basic, grunt_temple_overflow_cloverleaf, first_ration,
          nicolae_ru_the_path_less_chosen

Skill      XL: |  1  2  3  4  5  6 |
---------------+-------------------+-----
Stealth        | 1 2 |  2.0
Fighting       | 2 3 4 |  4.1
Dodging        | 2 3 |  3.6
Evocations     | 4 |  4.6
Short Blades   | |  0.8
Invocations    | |  0.6

Action                   |  1- 3 |  4- 6 || total
-------------------------+-------+-------++-------
Melee: Short sword       |   125 |   145 ||   270
       Kick              |    18 |    80 ||    98
       Mace              |       |   170 ||   170
Throw: Boomerang         |    21 |       ||    21
       Stone             |    24 |    16 ||    40
       Dart              |       |    14 ||    14
Evoke: Wand              |     1 |     5 ||     6
  Use: Potion            |     4 |     3 ||     7
       Scroll            |       |     4 ||     4
 Stab: Sleeping          |     1 |       ||     1
  Eat: Chunk             |     6 |     4 ||    10
       Ration            |       |     1 ||     1
Armor: Leather armour    |    17 |       ||    17
       Ring mail         |    10 |       ||    10
       Scale mail        |    27 |   140 ||   167
Dodge: Dodged            |    77 |   155 ||   232

Table legend:
 A = Non-vault XP
 B = Vault XP
 C = Vault XP percentage of total XP
 D = Non-vault monster count
 E = Vault monster count
 F = Vault count percentage of total count
                 A         B        C        D         E       F
            +---------+---------+-------+---------+---------+-------
      Total |     311 |     272 |  46.7 |      70 |       1 |   1.4
            +---------+---------+-------+---------+---------+-------
        D:1 |      26 |       0 |   0.0 |      15 |       0 |   0.0
        D:2 |      82 |       0 |   0.0 |      20 |       0 |   0.0
        D:3 |     127 |     272 |  68.2 |      24 |       1 |   4.0
        D:4 |      76 |       0 |   0.0 |      11 |       0 |   0.0
            +---------+---------+-------+---------+---------+-------
